AoeStats
← MZTK | GaboxNet .i.

Arabia

506155682Analyzed
1v1 RM · 19d ago on Sep 12, 2026· 40m 48s· 2 players
Game mode
Random Map
Map size
Tiny (2 player)
Population
200
Speed
Normal
Resources
Standard
Victory
Conquest
Starting age
Dark Age
Ending age
Imperial Age
RankedLock teamsTeams togetherTeam positionsShared explorationLock speedFull tech treeHidden civsTurbo modeCheats
Victory
Defeat
🇲🇽 Ethiopians · Mexico
1157
+16
🇺🇸 Spanish · United States
1166
-16
MZTK | GaboxNet .i.
7:37 Loom
9:51 Feudal Age
13:31 Double-Bit Axe
15:58 Fletching
20:55 Castle Age
19:12 Fletching
19:45 Padded Archer Armor
21:02 Crossbowman
21:38 Bodkin Arrow
23:00 Bow Saw
22:46 Gold Mining
22:44 Horse Collar
25:57 Wheelbarrow
30:29 Leather Archer Armor
34:28 Gold Shaft Mining
36:54 Imperial Age
37:03 Thumb Ring
37:50 Bracer
37:29 Arbalester
39:53 Chemistry
39:13 Ballistics
41:22 Ring Archer Armor
MikeMango
8:16 Loom
10:30 Feudal Age
17:26 Castle Age
16:55 Bloodlines
18:31 Padded Archer Armor
34:20 Wheelbarrow
35:46 Leather Archer Armor
36:44 Redemption
39:09 Light Cavalry
Connection lost

Rejoining the realm…

Still unreachable

The connection could not be restored.

Session expired

The server has moved on; the page needs a fresh start.